Map: Dreamcatcher LE

Players

Nice - Winner!

  • Race: Protoss Protoss
  • Spawn Location: 11:00

GoGojOey

  • Race: Zerg Zerg
  • Spawn Location: 5:00

Event: WCS Montreal 2018

VOD

Have the link to the VOD?

Description

Time

  • Played on: Sept. 7, 2018, 4:02 p.m.
  • Length: 9:03

All games in this series

Show
View Real Time Build Order
Export as new Build Order

Nice Protoss - Winner!

Build Orders: 1 Gate Expand, Oracle Opening, Phoenix Opening, Zealot Archon 

Get SALT Encoding   

  12  0:02  Probe  
  13  0:14  Probe  
  13  0:20  Pylon  
  14  0:26  Probe  
  15  0:35  Probe  
  15  0:39  Gateway  
  16  0:43  Probe  
  16  0:49  Assimilator  
  17  0:53  Probe  
  18  1:05  Probe  
  19  1:17  Probe  
  20  1:25  Nexus  
  20  1:34  Cybernetics Core  
  20  1:37  Probe  
  21  1:44  Assimilator  
  21  1:49  Probe  
  21  1:52  Pylon  
  22  2:01  Probe  
  22  2:02  Adept  
  23  2:13  Probe  
  26  2:20  Adept  
  26  2:21  Stargate  
  26  2:25  Probe  
  29  2:37  Probe  
  29  2:41  Probe  
  31  2:46  Adept  
  31  2:47  Warp Gate  
  31  2:49  Probe  
  34  2:54  Probe  
  34  2:55  Oracle  
  34  2:56  Pylon  
  35  3:02  Probe  
  36  3:06  Probe  
  40  3:14  Probe  
  40  3:18  Probe  
  42  3:24  Adept, Phoenix  
  42  3:26  Probe  
  45  3:30  Probe  
  48  3:38  Probe  
  49  3:43  Pylon, Probe  
  50  3:50  Pylon, Probe  
  50  3:51  Adept, Assimilator  
  50  3:54  Oracle  
  53  4:03  Gateway  
  53  4:05  Gateway  
  56  4:21  Adept  
  56  4:22  Probe x2  
  60  4:25  Pylon  
  60  4:30  Pylon  
  60  4:34  Probe x2  
  62  4:47  Probe x2  
  64  4:56  Pylon  
  64  5:00  Nexus  
  64  5:03  Pylon  
  64  5:09  Adept  
  64  5:10  Adept x2  
  64  5:13  Probe x2  
  72  5:14  Robotics Facility  
  72  5:17  Twilight Council  
  72  5:21  Assimilator  
  72  5:25  Probe x2  
  74  5:34  Charge  
  74  5:37  Probe x2  
  76  5:49  Probe x2  
  78  5:58  Immortal  
  78  6:01  Probe x2  
  78  6:03  Sentry x3  
  86  6:05  Gateway  
  86  6:07  Gateway  
  86  6:09  Gateway  
  86  6:10  Gateway  
  84  6:12  Gateway  
  84  6:13  Probe x3  
  81  6:25  Probe x2  
  83  6:27  Immortal  
  83  6:33  Templar Archives, Zealot  
  83  6:35  Pylon  
  83  6:37  Pylon  
  89  6:49  Pylon  
  89  6:53  Immortal  
  89  6:55  Zealot x3  
  95  7:07  Zealot x5  
  109  7:17  High Templar x2  
  109  7:18  Zealot  
  109  7:21  Archon  
  109  7:22  Warp Prism  
  117  7:38  High Templar x2, Zealot x2  
  117  7:39  Zealot x2  
  117  7:42  Archon  
  129  7:45  Probe  
  129  7:46  Probe x2  
  129  7:47  Assimilator  
  129  7:48  Assimilator  
  129  7:49  Forge  
  132  7:53  Pylon  
  132  7:55  Pylon  
  132  7:57  Pylon, Observer  
  133  8:10  Zealot x2  
  133  8:11  Zealot x5  
  147  8:13  Zealot  
  147  8:17  Pylon  
  147  8:18  Nexus  
  149  8:21  Pylon x2  
  149  8:41  Zealot x8  
  142  9:02  Zealot x2  
  142  9:03  Zealot x4  
Show
View Real Time Build Order
Export as new Build Order

GoGojOey Zerg 

Build Orders: Hatch First, Lurkers 

Get SALT Encoding   

  12  0:00  Drone  
  13  0:13  Overlord  
  13  0:17  Drone  
  14  0:31  Drone x2  
  14  0:35  Drone  
  17  0:51  Hatchery  
  17  0:54  Drone  
  17  0:57  Drone  
  18  1:08  Extractor  
  17  1:12  Spawning Pool  
  17  1:15  Drone  
  17  1:18  Drone  
  18  1:30  Drone  
  19  1:39  Overlord  
  19  1:50  Drone  
  20  1:59  Queen  
  20  2:00  Zergling x2  
  23  2:03  Queen  
  23  2:04  Drone  
  26  2:08  Metabolic Boost  
  26  2:12  Drone  
  27  2:15  Drone  
  27  2:22  Drone  
  29  2:25  Drone  
  30  2:33  Drone  
  31  2:42  Hatchery  
  31  2:43  Queen  
  32  2:47  Drone  
  32  2:49  Zergling x2  
  34  2:51  Zergling x2  
  34  2:55  Zergling x2  
  36  3:00  Overlord  
  36  3:06  Overlord  
  36  3:18  Queen  
  36  3:19  Drone  
  40  3:20  Drone  
  40  3:23  Drone x4  
  44  3:29  Overlord  
  44  3:30  Drone  
  44  3:33  Spore Crawler x2  
  43  3:38  Drone  
  44  3:41  Drone  
  44  3:45  Lair  
  44  3:47  Drone  
  46  3:49  Drone x2  
  46  3:54  Drone x2  
  50  3:58  Drone x2  
  50  4:02  Drone x2  
  54  4:04  Extractor  
  54  4:06  Extractor  
  54  4:09  Drone x3  
  55  4:13  Drone  
  56  4:17  Overlord  
  56  4:22  Drone x2  
  56  4:24  Spore Crawler  
  57  4:30  Overlord  
  57  4:31  Drone  
  58  4:38  Overlord  
  57  4:47  Zergling x8, Hydralisk Den  
  57  4:48  Zergling x2  
  57  4:51  Overlord  
  61  5:00  Overlord  
  61  5:02  Overlord  
  61  5:04  Drone x4  
  61  5:05  Drone x3  
  61  5:07  Drone x3  
  69  5:09  Drone  
  69  5:11  Extractor, Drone x2  
  72  5:16  Muscular Augments  
  72  5:17  Hydralisk  
  73  5:21  Hydralisk  
  73  5:25  Hydralisk  
  73  5:27  Hydralisk  
  78  5:30  Hydralisk  
  78  5:31  Zergling x2  
  80  5:40  Hydralisk x2  
  80  5:41  Zergling x10  
  86  5:47  Hydralisk x2, Zergling x2  
  86  5:48  Zergling x2  
  89  5:55  Hydralisk  
  89  5:56  Zergling x2  
  76  6:05  Hydralisk  
  76  6:06  Zergling x4  
  77  6:11  Drone x2  
  77  6:15  Drone x2  
  77  6:16  Drone  
  74  6:24  Overlord  
  74  6:29  Overlord  
  74  6:34  Lurker Den  
  74  6:38  Grooved Spines  
  74  6:39  Overlord x2  
  73  6:44  Overseer  
  73  6:45  Overlord  
  73  6:49  Queen  
  75  6:58  Drone x6  
  75  6:59  Drone x3  
  84  7:03  Hydralisk  
  84  7:07  Hydralisk  
  88  7:10  Evolution Chamber  
  88  7:12  Hydralisk x2  
  88  7:15  Hydralisk  
  93  7:20  Extractor  
  93  7:21  Hydralisk x2  
  96  7:25  Hydralisk  
  96  7:27  Zergling x2  
  97  7:30  Overlord  
  96  7:39  Overlord  
  96  7:40  Overlord x2  
  96  7:43  Overlord  
  95  8:00  Lurker x3  
  95  8:01  Lurker  
  95  8:04  Drone x4  
  100  8:06  Drone x4  
  100  8:07  Extractor, Drone  
  100  8:08  Drone x5  
  109  8:19  Lurker x2  
  111  8:20  Overseer  
  111  8:25  Hydralisk  
  111  8:26  Zergling x10  
  118  8:34  Hydralisk  
  118  8:35  Zergling x4  
  121  8:43  Zergling x2  
  121  8:45  Overlord  
Tags
 
Add a new tag
Caveats
  • Supply blocks, unpowered buildings, or Contaminate may cause inaccurate times.
  • Supply counts are checked every 10 seconds.